 Dungeon Crawl Stone Soup version 0.18.1-6-gd335043 (webtiles) character file.

1017 Gottschkopf the Thaumaturge (level 8, -1/41 HPs)
             Began as a Deep Elf Conjurer on May 15, 2016.
             Slain by an adder (5 damage)
             ... in a sewer.
             The game lasted 00:22:08 (5025 turns).

Gottschkopf the Thaumaturge (Deep Elf Conjurer)     Turns: 5025, Time: 00:22:09

Health: -1/41      AC:  9    Str:  5    XL:     8   Next: 1%
Magic:  0/22       EV: 11    Int: 28    God:
Gold:   337        SH:  0    Dex: 20    Spells: 5 memorised, 8 levels left

rFire  + . .     SeeInvis +     g - +3 short sword (venom)
rCold  . . .     Gourm    .     A - +1 robe of Good Intentions {rF+ Dex+5 SInv Stlth-}
rNeg   . . .     Faith    .     (no shield)
rPois  .         Spirit   +     (no helmet)
rElec  .         Dismiss  .     e - +2 cloak {MR+}
rCorr  .         Reflect  .     (no gloves)
SustAt .         Harm     .     h - +2 pair of boots
MR     +....                    v - amulet of guardian spirit
Stlth  ++........               (no ring)
                                (no ring)

@: brilliant, lethally poisoned (-1 -> -8), very slightly contaminated,
constricted, somewhat resistant to hostile enchantments, unstealthy
A: no striking features
a: no special abilities


You were in a sewer.
You were very hungry.

You visited 1 branch of the dungeon, and saw 6 of its levels.
You also visited: Sewer.

You collected 337 gold pieces.

Inventory:

Hand Weapons
 g - a +3 short sword of venom (weapon)
Armour
 e - a +2 cloak of magic resistance (worn)
 h - a +2 pair of boots (worn)
 A - the +1 robe of Good Intentions (worn) {rF+ Dex+5 SInv Stlth-}
   (You found it on level 4 of the Dungeon)

   It affects your dexterity (+5).
   It protects you from fire.
   It lets you see invisible.
   It makes you less stealthy.
Jewellery
 v - an amulet of guardian spirit (around neck)
Wands
 w - a wand of random effects (24/48)
 z - a wand of teleportation (3/9)
Scrolls
 a - 2 scrolls of amnesia
 d - a scroll of enchant armour
 i - 3 scrolls of remove curse
 o - 3 scrolls of teleportation
 s - 2 scrolls of blinking
Potions
 f - 2 potions of might
 k - a potion of cancellation
 n - 2 potions of curing
 r - a potion of flight
 x - a potion of agility
Books
 b - a book of Conjurations

   Spells                             Type                      Level
   a - Magic Dart                     Conjuration                  1
   b - Searing Ray                    Conjuration                  2
   c - Dazzling Spray                 Conjuration/Hexes            3
   d - Fulminant Prism                Conjuration/Hexes            4
   e - Iskenderun's Mystic Blast      Conjuration                  4
   f - Iskenderun's Battlesphere      Conjuration/Charms           5
Comestibles
 c - 4 bread rations
 p - 2 meat rations


   Skills:
 - Level 3.2 Dodging
 - Level 2.9 Stealth
 + Level 8.7 Spellcasting
 - Level 6.9 Conjurations
 - Level 2.0 Hexes
 - Level 5.2 Charms


You had 8 spell levels left.
You knew the following spells:

 Your Spells              Type           Power        Failure   Level  Hunger
a - Magic Dart            Conj           ####         1%          1    None
b - Searing Ray           Conj           ######       1%          2    None
c - Iskenderun's Mystic   Conj           ######..     1%          4    #......
d - Fulminant Prism       Conj/Hex       ######....   1%          4    #......
e - Iskenderun's Battles  Conj/Chrm      ######..     1%          5    ####...


Dungeon Overview and Level Annotations

Branches:
Dungeon (6/15)
 Temple: D:4-7

Altars:
Ashenzari
Fedhas
Gozag
Okawaru
Pakellas
Ru
Vehumet
Xom
Yredelemnul
Zin


Message History

You puncture the rat!
You kill the rat!
* * * LOW HITPOINT WARNING * * *
You feel sick. The adder bites you but does no damage.
The river rat closely misses you. The ball python barely misses you.
The ball python misses you. The ball python constricts you.
The kobold completely misses you.
A rat comes into view.
Read which item? (? for menu, Esc to quit)
Blink to where?
Press: ? - help, Dir - move target cursor, p - ball python Your attempt to break free from the ball python fails, but you feel that another attempt might succeed.
As you read the scroll of blinking, it crumbles to dust.
* * * LOW HITPOINT WARNING * * *
You feel sick. The adder bites you but does no damage.
The ball python misses you. The ball python closely misses you.
The ball python constricts you. The rat barely misses you.
The river rat bites you but does no damage.
The kobold hits you but does no damage. The adder bites you.
You die...

≈≈≈....
≈≈≈≈≈...#
≈≈≈≈r....##
≈≈≈≈≈≈≈....##
.≈≈≈≈≈≈......#
≈≈≈≈≈≈≈....r.#
.≈≈≈≈≈≈..KrSK#
≈≈≈≈≈≈≈..rS@#
≈≈≈≈≈.≈...rS#
..≈≈r.....r##
.≈≈≈.......####
.≈≈≈≈.....###∩#
.≈≈≈......###.#
.≈≈≈.......#..#
.≈≈≈≈........##
.≈≈≈≈.......##


You could see an adder, 2 river rats, 2 ball pythons, 2 kobolds and 5 rats.

Vanquished Creatures
  A wyvern (D:3)
  A necrophage (D:5)
  A killer bee (D:5)
  3 crimson imps (D:5)
  2 centaur skeletons (D:4)
  2 orc priests (D:4)
  A hound (D:4)
  2 orc wizards (D:4)
  2 iguanas (D:4)
  A worker ant (D:4)
  2 hound zombies (D:5)
  A hound skeleton (D:4)
  4 gnolls (D:5)
  13 adders
  A shadow imp (D:5)
  3 oozes
  A worm (D:2)
  2 dart slugs
  7 giant geckos
  15 orcs
  10 bats
  5 giant cockroaches
  15 goblins
  8 hobgoblins
  7 jackals
  3 quokkas
  6 ball pythons
  A giant gecko skeleton (D:4)
  5 giant newts
  7 kobolds
  A quokka skeleton (D:5)
  14 rats
147 creatures vanquished.

Vanquished Creatures (others)
  3 fulminant prisms
3 creatures vanquished.

Grand Total: 150 creatures vanquished

Notes
Turn   | Place    | Note
--------------------------------------------------------------
     0 | D:1      | Gottschkopf the Deep Elf Conjurer began the quest for the Orb.
     0 | D:1      | Reached XP level 1. HP: 10/10 MP: 6/6
    92 | D:1      | Reached XP level 2. HP: 15/15 MP: 5/8
   246 | D:1      | Reached skill level 5 in Conjurations
   435 | D:1      | Reached XP level 3. HP: 19/19 MP: 6/9
   439 | D:1      | Learned a level 2 spell: Searing Ray
  1041 | D:2      | Found a glowing silver altar of Zin.
  1417 | D:2      | Reached XP level 4. HP: 24/24 MP: 6/11
  1799 | D:3      | Found a faded altar to an unknown god.
  1810 | D:3      | Found a shimmering altar of Xom.
  2190 | D:3      | Learned a level 4 spell: Iskenderun's Mystic Blast
  2213 | D:3      | Reached skill level 4 in Spellcasting
  2218 | D:3      | Reached XP level 5. HP: 28/28 MP: 2/13
  2371 | D:3      | Noticed a wyvern
  2460 | D:3      | Killed a wyvern
  2460 | D:3      | Reached skill level 6 in Spellcasting
  2460 | D:3      | Reached XP level 6. HP: 28/32 MP: 0/17
  2495 | D:3      | Learned a level 4 spell: Fulminant Prism
  2501 | D:3      | Learned a level 5 spell: Iskenderun's Battlesphere
  2962 | D:4      | Found an opulent altar of Gozag.
  2964 | D:4      | Reached skill level 1 in Charms
  3398 | D:4      | Reached skill level 1 in Hexes
  3515 | D:4      | Reached skill level 5 in Charms
  3515 | D:4      | Reached XP level 7. HP: 35/36 MP: 9/18
  3616 | D:4      | Got a fabulously ornate robe
  3627 | D:4      | Identified the cursed +1 robe of Good Intentions {rF+ Dex+5 SInv Stlth-} (You found it on level 4 of the Dungeon)
  3810 | D:4      | Found a shattered altar of Ashenzari.
  3980 | D:5      | Entered Level 5 of the Dungeon
  4226 | D:5      | Found an iron altar of Okawaru.
  4226 | D:5      | Found an oddly glowing altar of Pakellas.
  4341 | D:5      | Reached skill level 7 in Spellcasting
  4414 | D:5      | Found a basalt altar of Yredelemnul.
  4431 | D:5      | Found a shimmering altar of Xom.
  4434 | D:5      | Found a sacrificial altar of Ru.
  4437 | D:5      | Found a blossoming altar of Fedhas.
  4545 | D:5      | Found a radiant altar of Vehumet.
  4786 | D:5      | Reached skill level 8 in Spellcasting
  4964 | D:6      | Found a glowing drain.
  4988 | Sewer    | Entered a sewer
  5011 | Sewer    | Reached XP level 8. HP: 38/41 MP: 0/22
  5025 | Sewer    | Slain by an adder

Skill      XL: |  1  2  3  4  5  6  7 |
---------------+----------------------+-----
Conjurations   | 5 6 |  6.9
Dodging        | 3 |  3.2
Spellcasting   | 4 6 8 |  8.7
Charms         | 5 |  5.2
Hexes          | 1 2 |  2.0
Stealth        | |  2.9

Action                   |  1- 3 |  4- 6 |  7- 9 || total
-------------------------+-------+-------+-------++-------
Melee: Short sword       |     3 |    16 |    17 ||    36
 Cast: Magic Dart        |    86 |   108 |    79 ||   273
       Iskenderun's Myst |       |     3 |       ||     3
       Searing Ray       |       |     6 |     2 ||     8
       Fulminant Prism   |       |     2 |     1 ||     3
       Iskenderun's Batt |       |       |     6 ||     6
  Use: Scroll            |     3 |       |    17 ||    20
       Potion            |     1 |       |     1 ||     2
  Eat: Chunk             |     1 |     8 |     5 ||    14
Armor: Robe              |     1 |    16 |    37 ||    54
Dodge: Dodged            |     3 |    31 |    73 ||   107
